 Dungeon Sprint DCSS version 0.19-a0-1182-g094b998 (webtiles) character file.

299 rageheart7 the Basher (level 6, -4/76 HPs)
             Began as a Minotaur Fighter on Aug 18, 2016.
             Slain by Sonja
             ... wielding a +0 dagger of distortion
              (6 damage)
             ... in the Dungeon (Sprint I: "Red Sonja").
             The game lasted 00:01:01 (209 turns).

rageheart7 the Basher (Minotaur Fighter)             Turns: 209, Time: 00:01:02

Health: -4/76      AC:  8    Str: 25    XL:     6   Next: 13%
Magic:  5/5        EV:  7    Int:  5    God:
Gold:   297        SH: 10    Dex: 12    Spells: 0 memorised, 5 levels left

rFire  . . .     SeeInvis .     a - +0 flail
rCold  . . .     Gourm    .     b - +0 scale mail
rNeg   . . .     Faith    .     c - +0 shield
rPois  .         Spirit   .     (helmet restricted)
rElec  .         Dismiss  .     g - +0 cloak
rCorr  .         Reflect  .     (no gloves)
MR     .....     Harm     .     (no boots)
Stlth  .......... NoTele   +    (no amulet)
                                (no ring)
                                (no ring)

@: mighty, berserking, lethally poisoned (-4 -> -11), very slightly
contaminated, hasted and slowed
A: retaliatory headbutt, horns 2
a: no special abilities


You were in the Dungeon.
You were not hungry.

You visited 1 branch You collected 297 gold pieces.

Inventory:

Hand Weapons
 a - a +0 flail (weapon)
Armour
 b - a +0 scale mail (worn)
 c - a +0 shield (worn)
 g - a +0 cloak (worn)
Scrolls
 k - a scroll of blinking
Potions
 e - 2 potions of curing
 i - 2 potions of magic
Comestibles
 f - a bread ration
 l - a chunk of flesh


   Skills:
 - Level 3.6 Fighting
 * Level 14.7 Maces & Flails
 - Level 3.6 Armour
 - Level 3.6 Shields


You had 5 spell levels left.
You didn't know any spells.

Dungeon Overview and Level Annotations

Branches:
Dungeon (1/1)

Altars:
Sif Muna
Vehumet

Annotations:
D Sonja


Innate Abilities, Weirdness & Mutations

You reflexively headbutt those who attack you in melee.
You have a pair of horns on your head.


Message History

* * * LOW HITPOINT WARNING * * *
You miss Sonja.
Sonja is moderately wounded.
* * * LOW HITPOINT WARNING * * *
You feel sick. You block Sonja's attack.
Sonja hits you with an uncursed dagger of distortion.
* * * LOW HITPOINT WARNING * * *
You feel a strange sense of stasis. Sonja barely misses you.
You miss Sonja. Your headbutt misses Sonja.
Sonja is moderately wounded.
* * * LOW HITPOINT WARNING * * *
You feel sick. Sonja hits you but does no damage. Sonja closely misses you. x2
You miss Sonja. Your headbutt misses Sonja.
Sonja is moderately wounded.
* * * LOW HITPOINT WARNING * * *
You feel sick.
Sonja hits you with an uncursed dagger of distortion.
* * * LOW HITPOINT WARNING * * *
Space bends around you.
You die...

################
#<.#..'..#..'..#
#..)÷.#..').#..+
#..#####'#####'#
#..# #..#...#(#
#..# ####..##.#
#..# ##'#..+
#⌠⌠# +..._# ####
#@(#+# ##K# #.#
$.$ $.$# ##.##
#+#


You could see Sonja.

Vanquished Creatures
  Sigmund (D)
  An ogre (D)
  A jelly (D)
  Ijyb (D)
4 creatures vanquished.

Notes
Turn   | Place    | Note
-------+----------+-------------------------------------------
     0 | D        | rageheart7 the Minotaur Fighter began the quest for the Orb.
     0 | D        | Reached XP level 1. HP: 19/19 MP: 0/0
     2 | D        | Noticed Ijyb
     6 | D        | Killed Ijyb
     6 | D        | Reached skill level 7 in Maces & Flails
     6 | D        | Reached XP level 2. HP: 25/26 MP: 1/1
    12 | D        | Noticed an ogre
    13 | D        | HP: 1/26 [ogre/giant club (24)]
    22 | D        | Killed an ogre
    22 | D        | Reached skill level 11 in Maces & Flails
    22 | D        | Reached XP level 3. HP: 19/31 MP: 2/2
    22 | D        | Reached XP level 4. HP: 24/39 MP: 3/3
   146 | D        | Noticed Sigmund
   150 | D        | Killed Sigmund
   150 | D        | Reached skill level 14 in Maces & Flails
   150 | D        | Reached XP level 5. HP: 38/45 MP: 4/4
   150 | D        | Reached XP level 6. HP: 43/51 MP: 5/5
   166 | D        | Found a deep blue altar of Sif Muna.
   168 | D        | Found a radiant altar of Vehumet.
   200 | D        | Noticed Sonja
   209 | D        | HP: 2/76 [Sonja/uncursed dagger of distortion (2)]
   209 | D        | Slain by Sonja

Vault maps used:
D:        dungeon_sprint_1

Skill      XL: |  1  2  3  4 |
---------------+-------------+-----
Maces & Flails | 7 11 14 | 14.7
Fighting       | |  3.6
Armour         | |  3.6
Shields        | |  3.6

Action                   |  1- 3 |  4- 6 || total
-------------------------+-------+-------++-------
Melee: Flail             |     9 |     9 ||    18
       Headbutt          |     1 |     2 ||     3
  Use: Potion            |     1 |     3 ||     4
Armor: Scale mail        |     1 |     3 ||     4
Dodge: Dodged            |     3 |     5 ||     8
Block: Shield            |     1 |     9 ||    10
